Map: Prion Terraces

Players

juhyg

  • Race: Zerg Zerg
  • League: Bronze

PREX - Winner!

  • Race: Terran Terran
  • League: Bronze

VOD

Have the link to the VOD?

Description

Time

  • Played on: Nov. 19, 2015, 9:39 p.m.
  • Length: 13:08
Show
View Real Time Build Order
Export as new Build Order

juhyg Zerg 

Build Orders: Pool First 

Get SALT Encoding   

  12  0:19  Spawning Pool  
  11  0:26  Overlord  
  11  0:30  Drone  
  13  0:35  Drone  
  13  0:43  Drone, Extractor  
  13  0:51  Overlord  
  13  1:07  Drone  
  14  1:13  Roach Warren  
  14  1:18  Drone  
  14  1:32  Queen  
  16  1:44  Overlord  
  16  1:48  Drone  
  16  1:52  Drone  
  18  2:07  Queen  
  20  2:23  Drone x3  
  23  2:40  Overlord  
  23  3:03  Roach x2  
  27  3:06  Overlord  
  27  3:24  Roach x2  
  27  3:25  Roach x2  
  35  3:52  Roach x2  
  35  3:53  Roach x2  
  35  3:55  Roach  
  45  4:01  Overlord  
  45  4:08  Lair  
  45  4:21  Roach x2  
  49  4:28  Roach x2  
  49  4:31  Overlord  
  53  4:50  Roach x2  
  57  5:03  Roach  
  57  5:07  Overlord, Roach  
  61  5:08  Overlord  
  61  5:36  Roach  
  61  5:37  Roach x4  
  71  5:44  Extractor  
  71  5:45  Drone  
  71  6:09  Roach x2  
  75  6:11  Drone x3  
  78  6:20  Overlord  
  78  6:24  Overlord  
  78  6:48  Zergling x6  
  78  6:49  Zergling x2  
  82  7:18  Hatchery  
  82  7:20  Zergling x6  
  50  8:06  Roach x5  
  50  8:07  Roach  
  59  8:28  Roach  
  61  8:54  Roach x5  
  61  8:55  Roach  
  73  9:11  Roach x2  
  73  9:16  Roach  
  79  9:18  Roach  
  81  9:27  Spire  
  80  9:37  Overseer  
  80  9:41  Overseer  
  71  10:19  Queen  
  73  10:22  Roach x4  
  73  10:23  Roach x6  
  73  10:24  Roach x3  
  91  10:46  Mutalisk x3  
  97  10:51  Drone  
  98  11:11  Mutalisk  
  98  11:17  Overlord  
  100  11:45  Mutalisk  
  102  11:47  Zergling x2  
  83  12:43  Roach x3  
  83  12:44  Roach x2  
Show
View Real Time Build Order
Export as new Build Order

PREX Terran - Winner!

Build Orders: MMM Bio 

Get SALT Encoding   

  12  0:02  SCV  
  13  0:14  SCV  
  14  0:23  Supply Depot  
  14  0:26  SCV  
  15  0:51  Barracks  
  15  1:07  Command Center  
  15  1:11  SCV  
  15  1:17  Refinery  
  16  1:24  SCV  
  17  1:30  Refinery  
  17  1:36  SCV  
  17  1:37  Marine  
  19  1:46  Bunker  
  20  1:55  Marine  
  20  2:02  Orbital Command  
  20  2:22  Barracks  
  20  2:42  Supply Depot  
  20  2:44  Orbital Command  
  20  2:48  Barracks Tech Lab  
  20  3:00  Engineering Bay  
  20  3:05  SCV  
  21  3:11  SCV  
  22  3:17  SCV  
  22  3:19  Barracks Reactor  
  23  3:23  SCV  
  24  3:28  Factory  
  24  3:36  Combat Shields  
  24  3:37  Marine  
  25  3:50  Terran Infantry Weapons Level 1  
  25  3:55  Marine, SCV  
  27  4:04  Supply Depot  
  27  4:12  Marine  
  27  4:13  Marine  
  27  4:17  Marine  
  29  4:21  Engineering Bay  
  29  4:22  Factory Tech Lab  
  30  4:24  Factory  
  30  4:31  SCV, Barracks  
  31  4:35  Marine x2  
  33  4:40  SCV  
  33  4:44  SCV  
  35  5:10  Bunker  
  35  5:17  Marine  
  35  5:18  Marauder, Marine  
  40  5:27  Factory Tech Lab  
  39  5:30  Siege Tank  
  39  5:33  Barracks Reactor  
  41  5:35  Marine  
  41  5:36  Marine  
  41  5:40  Marauder  
  45  5:48  Command Center  
  45  5:49  SCV x2  
  47  5:53  Bunker  
  47  6:01  Marauder, Marine, SCV x2  
  52  6:14  Terran Infantry Armor Level 1  
  52  6:16  Armory  
  52  6:20  Stimpack  
  52  6:24  SCV  
  52  6:25  SCV  
  54  6:30  Starport  
  54  6:35  Sensor Tower  
  54  6:59  Supply Depot x2, Marine x2  
  54  7:00  SCV x2  
  58  7:02  Orbital Command  
  58  7:12  SCV x2  
  63  7:15  Siege Tank x2  
  66  7:24  SCV x2  
  68  7:30  Starport Reactor  
  68  7:36  SCV  
  69  7:43  SCV  
  69  7:44  Bunker, SCV  
  71  7:49  Refinery  
  71  7:50  Refinery  
  60  8:00  Marine x2  
  60  8:01  Marauder, Marine x2  
  49  8:18  Marine x3  
  49  8:19  Marine  
  53  8:22  Marauder  
  55  8:32  Medivac  
  55  8:33  Medivac  
  58  8:36  Marine  
  59  8:41  Siege Tank  
  59  8:44  Marauder  
  64  8:52  Siege Tank  
  64  8:55  Orbital Command  
  67  9:05  Marauder  
  69  9:13  Marine  
  69  9:14  Marine x3  
  73  9:26  Marauder  
  75  9:42  Sensor Tower  
  75  9:48  Marauder  
  76  10:09  Marauder  
  75  10:31  Marauder  
  75  10:32  Marine x3  
  75  10:33  Marine  
  74  10:50  Marine x4  
  74  10:52  Marauder  
  74  10:57  Medivac x2  
  84  11:08  Marine  
  85  11:21  Supply Depot x2  
  85  11:42  Medivac x2, Marauder, Command Center  
  91  11:54  Barracks  
  91  11:55  Barracks  
  91  11:56  Barracks  
  91  12:04  Marauder  
  84  12:25  Marauder  
  69  12:41  Marine  
  69  12:42  Marine x3  
  66  12:47  Marauder  
  64  13:07  Command Center  
Tags
 
Composition
MMM Bio
Matchup
TvZ
Opening
Pool First
Add a new tag
Caveats
  • Supply blocks, unpowered buildings, or Contaminate may cause inaccurate times.
  • Supply counts are checked every 10 seconds.